 Dungeon Crawl Stone Soup version 0.21-a0-496-g696f58f537 (webtiles) character file.

2097 Kaname the Reanimator (level 9, -12/57 HPs)
             Began as a Demonspawn Necromancer on Nov 24, 2017.
             Was a Believer of Vehumet.
             Splashed by a wight's acid (15 damage)
             ... on level 7 of the Dungeon.
             The game lasted 00:26:00 (5992 turns).

Kaname the Reanimator (Demonspawn Necromancer)      Turns: 5992, Time: 00:26:01

Health: -12/57     AC:  2    Str:  8    XL:     9   Next: 7%
Magic:  12/12      EV: 12    Int: 21    God:    Vehumet [**....]
Gold:   179        SH:  3    Dex: 15    Spells: 5/12 levels left

rFire    + + .     SeeInvis .   I - +2 rapier (drain)
rCold    + . .     Gourm    .   (no shield)
rNeg     . . .     Faith    .   u - +0 leather armour (curse)
rPois    .         Spirit   .   G - +0 helmet
rElec    .         Reflect  +   (no cloak)
rCorr    .         Harm     .   a - +0 pair of gloves
MR       .....                  z - +0 pair of boots
Stlth    +++.......             L - +3 amulet of reflection
HPRegen  0.19/turn              h - ring of protection from cold
MPRegen  0.13/turn              B - +3 ring of slaying

@: corroded
A: talons 1, clever 1, demonic guardian 1, fire resistance 2, flame cloud
immunity
a: Renounce Religion


You were on level 7 of the Dungeon.
You worshipped Vehumet.
Vehumet was pleased with you.
You were not hungry.

You visited 2 branches of the dungeon, and saw 8 of its levels.

You collected 410 gold pieces.
You spent 231 gold pieces at shops.

Inventory:

Hand Weapons
 I - a +2 rapier of draining (weapon)
Missiles
 A - 2 throwing nets (quivered)
Armour
 a - a +0 pair of gloves (worn)
 b - a +4 scale mail
 u - a cursed +0 leather armour (worn)
 z - a +0 pair of boots (worn)
 G - a +0 helmet (worn)
Jewellery
 h - a ring of protection from cold (left hand)
 B - a +3 ring of slaying (right hand)
 C - an uncursed amulet of rage
 L - a +3 amulet of reflection (around neck)
Wands
 f - a wand of clouds (4)
 w - a wand of random effects (9)
Scrolls
 d - 3 scrolls of teleportation
 g - a scroll of fog {unknown}
 j - a scroll of fear {unknown}
 l - 6 scrolls of immolation
 m - a scroll of enchant weapon {unknown}
 n - a scroll of blinking {unknown}
 x - a scroll of amnesia
 y - 2 scrolls of magic mapping
 H - a scroll of torment {unknown}
Potions
 e - a potion of resistance {unknown}
 o - a potion of brilliance {unknown}
 p - 2 potions of flight
 q - 3 potions of lignification
 r - 2 potions of cancellation
 t - 3 potions of curing
 D - 3 potions of haste
 E - 2 potions of mutation
 F - a potion of agility
 K - a potion of heal wounds
Comestibles
 c - 6 bread rations
 i - 8 chunks of flesh
 k - 6 fruits
 s - 4 meat rations
 v - 5 royal jellies


   Skills:
 - Level 4.0 Short Blades
 - Level 1.7 Dodging
 + Level 5.4 Stealth
 - Level 2.0 Spellcasting
 - Level 6.1 Conjurations
 - Level 8.0 Necromancy
 * Level 3.5 Fire Magic


You had 5 spell levels left.
You knew the following spells:

 Your Spells              Type           Power        Failure   Level  Hunger
a - Pain                  Necr           ####         1%          1    #......
b - Animate Skeleton      Necr           N/A          1%          1    #......
c - Vampiric Draining     Necr           #####.....   2%          3    ###....
d - Throw Flame           Conj/Fire      ###...       4%          2    ##.....


Dungeon Overview and Level Annotations

Branches:
Dungeon (7/15)             Temple (1/1) D:4

Altars:
Dithmenos
Fedhas
Gozag
Kikubaaqudgha
Okawaru
Ru
Sif Muna
Trog
Uskayaw
Vehumet
Wu Jian
Xom
Yredelemnul
Zin
The Shining One
Beogh

Shops:
D:4 !


Innate Abilities, Weirdness & Mutations

You have sharp toenails.
A weak demonic guardian rushes to your aid.
Your flesh is very heat resistant. (rF++)
You are immune to clouds of flame.
Your mind is acute. (Int +2)


Message History

Unknown command.
Unknown command.
A wight comes into view. It is wielding an enchanted mace.
The wight barely misses you.
You hit the wight but do no damage.
The wight zaps a wand.
The bolt of acid hits you!
You are splashed with acid!
The acid burns!
* * * LOW HITPOINT WARNING * * *
It is a wand of acid (5).
Your ufetubus hits the wight but does no damage.
Your ufetubus closely misses the wight.
The wight zaps a wand.
The bolt of acid misses you.
Your ufetubus hits the wight but does no damage.
Your ufetubus hits the wight.
There is an iron altar of Okawaru here.
Your ufetubus hits the wight but does no damage.
Your ufetubus barely misses the wight.
The wight zaps a wand.
The bolt of acid hits you!
* * * LOW HITPOINT WARNING * * *
The acid corrodes you!
You are splashed with acid!
The acid burns!
You die...

#.# .. #.# #.# ...#.# #.#
.(.#.###############.##
............ ..........
.........##########.##
#z#######.........>.)......#
#...g.....##...##.##########
#..#####..#.@...#..# #
#....._.z...# .
#.)#..z.5#..# ...
##)##†..##.##
>....###..z......#
...............###
#####g#####.#..######
..................
###..######.######.


You could see 3 wights and a friendly ufetubus.

Vanquished Creatures
  2 ogres
  A sky beast (D:5)
  A centaur (D:6)
  A gnoll sergeant (D:7)
  A bullfrog (D:5)
  A vampire bat (D:4)
  A wight (D:7)
  A bullfrog zombie (D:5)
  3 crimson imps
  A jelly (D:6)
  A centaur zombie (D:7)
  A hound (D:4)
  A bullfrog skeleton (D:4)
  4 orc priests
  6 orc wizards
  An iguana (D:5)
  Ijyb (D:3)
  4 worker ants
  A howler monkey zombie (D:7)
  5 gnolls
  9 adders
  2 adder skeletons
  3 worms
  3 dart slugs
  3 leopard geckos
  9 orcs
  4 bats (D:2)
  2 bat skeletons (D:4)
  3 bat zombies (D:4)
  2 giant cockroaches (D:5)
  10 hobgoblins
  10 jackals
  5 kobolds
  2 quokkas
  A ball python (D:1)
  4 frilled lizards (D:1)
  5 goblins
  A leopard gecko skeleton (D:5)
  A quokka zombie (D:7)
  3 rats
120 creatures vanquished.

Vanquished Creatures (collateral kills)
  The ghost of chimenez the Chopper, a novice FoFi (D:5)
  An orc warrior (D:6)
  An ice beast (D:5)
  2 ogres
  A scorpion (D:4)
  A crimson imp (D:5)
  A jelly (D:6)
  2 orc wizards
  2 worker ants
  A hound skeleton (D:5)
  2 gnolls
  A shadow imp (D:5)
  An adder zombie (D:5)
  2 leopard geckos
  6 orcs
  A quokka (D:6)
26 creatures vanquished.

Grand Total: 146 creatures vanquished

Notes
Turn   | Place    | Note
-------+----------+-------------------------------------------
     0 | D:1      | Kaname the Demonspawn Necromancer began the quest for the Orb.
     0 | D:1      | Reached XP level 1. HP: 13/13 MP: 3/3
   331 | D:1      | Gained mutation: You have sharp toenails. [demonic ancestry]
   331 | D:1      | Reached XP level 2. HP: 16/19 MP: 0/5
   397 | D:1      | Reached skill level 5 in Necromancy
   407 | D:1      | Learned a level 1 spell: Animate Skeleton
  1055 | D:2      | Gained mutation: A weak demonic guardian rushes to your aid. [demonic ancestry]
  1055 | D:2      | Reached XP level 3. HP: 16/24 MP: 0/6
  1104 | D:2      | Learned a level 3 spell: Vampiric Draining
  1194 | D:2      | Reached skill level 1 in Short Blades
  1500 | D:2      | Reached XP level 4. HP: 28/30 MP: 3/7
  2049 | D:3      | Noticed Ijyb
  2055 | D:3      | Killed Ijyb
  2055 | D:3      | Reached skill level 6 in Necromancy
  2061 | D:3      | Found a faded altar of an unknown god.
  2173 | D:3      | Found a shimmering altar of Xom.
  2175 | D:3      | Found a shadowy altar of Dithmenos.
  2175 | D:3      | Found a basalt altar of Yredelemnul.
  2177 | D:3      | Found a deep blue altar of Sif Muna.
  2177 | D:3      | Found a hide-covered altar of Uskayaw.
  2177 | D:3      | Found a sacrificial altar of Ru.
  2232 | D:3      | Gained mutation: Your flesh is heat resistant. (rF+) [demonic ancestry]
  2232 | D:3      | Reached XP level 5. HP: 14/35 MP: 5/8
  2508 | D:3      | Found a deep blue altar of Sif Muna.
  2656 | D:3      | Found a hide-covered altar of Uskayaw.
  2863 | D:3      | Found a sacrificial altar of Ru.
  3260 | D:4      | Found a roughly hewn altar of Beogh.
  3265 | D:4      | Reached skill level 7 in Necromancy
  3272 | D:4      | Gained mutation: You are immune to clouds of flame. [demonic ancestry]
  3272 | D:4      | Reached XP level 6. HP: 28/41 MP: 5/9
  3408 | D:4      | Found a staircase to the Ecumenical Temple.
  3421 | Temple   | Entered the Ecumenical Temple
  3438 | Temple   | Became a worshipper of Vehumet
  3477 | D:4      | Found Nosaxyw's Distillery.
  3485 | D:4      | Bought a potion of flight for 33 gold pieces
  3485 | D:4      | Bought a potion of lignification for 33 gold pieces
  3485 | D:4      | Bought a potion of mutation for 88 gold pieces
  3485 | D:4      | Bought a potion of agility for 44 gold pieces
  3485 | D:4      | Bought a potion of curing for 33 gold pieces
  3511 | D:4      | Found a bloodstained altar of Trog.
  3538 | D:4      | Found a blossoming altar of Fedhas.
  3632 | D:4      | Reached skill level 8 in Necromancy
  3648 | D:4      | Found an ancient bone altar of Kikubaaqudgha.
  3675 | D:4      | Learned a level 4 spell: Control Undead
  3772 | D:5      | Entered Level 5 of the Dungeon
  3785 | D:5      | Reached XP level 7. HP: 28/46 MP: 3/10
  3788 | D:5      | Reached * piety under Vehumet
  3788 | D:5      | Offered knowledge of Magic Dart by Vehumet.
  3799 | D:5      | Learned a level 1 spell: Magic Dart
  3933 | D:5      | Reached skill level 1 in Conjurations
  4307 | D:5      | Noticed chimenez's ghost (novice FoFi)
  4424 | D:5      | Killed chimenez's ghost
  4424 | D:5      | Reached XP level 8. HP: 11/52 MP: 11/11
  4604 | D:5      | Gained mutation: Your flesh is very heat resistant. (rF++) [mutagenic meat]
  4605 | D:5      | Gained mutation: Your mind is acute. (Int +2) [mutagenic meat]
  4649 | D:5      | Reached skill level 5 in Conjurations
  4942 | D:6      | Found a glowing golden altar of the Shining One.
  5168 | D:6      | Reached ** piety under Vehumet
  5168 | D:6      | Offered knowledge of Throw Flame by Vehumet.
  5178 | D:6      | Learned a level 2 spell: Throw Flame
  5292 | D:6      | Reached skill level 1 in Fire Magic
  5333 | D:6      | Found a basalt altar of Yredelemnul.
  5685 | D:7      | Reached skill level 5 in Stealth
  5883 | D:7      | Found an iron altar of Okawaru.
  5919 | D:7      | Reached XP level 9. HP: 44/57 MP: 2/12
  5992 | D:7      | Splashed by a wight's acid

Vault maps used:
D:1:      wheals_arrival_shading
D:2:      first_bread, minmay_tetromino_l4
D:3:      lemuel_round_altar, doesnt_xom_only_xom,
          lemuel_coloured_pillars_altar, nicolae_overflow_hidden_temple,
          chequers_ecumenical_altar_simple_redux, uniq_ijyb
D:4:      kennysheep_vampire_church, chequers_temple_overflow_statue_of_worship,
          temple_green, serial_shops, nicolae_shop_crystal, st_stairs_14,
          kennysheep_orc_chapel
D:5:      st_stairs_9
D:6:      kennysheep_mini, tso_altar
D:7:      okawaru_gym_becter, fedhas_altar_decomposition
Temple:   compressed_dpeg_circular_temple

Skill      XL: |  1  2  3  4  5  6  7  8 |
---------------+-------------------------+-----
Necromancy     | 5 6 7 8 |  8.0
Short Blades   | 1 2 3 4 |  4.0
Stealth        | 2 3 5 |  5.4
Conjurations   | 4 6 |  6.1
Fire Magic     | 3 |  3.5
Dodging        | |  1.7
Spellcasting   | |  2.0

Action                   |  1- 3 |  4- 6 |  7- 9 || total
-------------------------+-------+-------+-------++-------
Melee: Whip              |     9 |       |       ||     9
       Short sword       |     7 |       |       ||     7
       Dagger            |    41 |   155 |   118 ||   314
       Kick              |     8 |     2 |       ||    10
       Rapier            |       |       |    82 ||    82
 Cast: Pain              |    34 |    21 |    20 ||    75
       Vampiric Draining |     2 |     6 |    16 ||    24
       Control Undead    |       |       |     2 ||     2
       Animate Skeleton  |       |       |     1 ||     1
       Throw Flame       |       |       |     6 ||     6
Evoke: Wand              |       |       |    42 ||    42
  Use: Scroll            |       |     5 |     4 ||     9
       Potion            |       |       |     2 ||     2
 Stab: Sleeping          |     3 |     5 |     6 ||    14
       Distracted        |       |       |     2 ||     2
       Confused          |       |       |     1 ||     1
       Paralysed         |       |       |     2 ||     2
  Eat: Chunk             |     2 |     9 |    12 ||    23
Armor: Robe              |    14 |       |       ||    14
       Leather armour    |       |    66 |    53 ||   119
Dodge: Dodged            |    56 |    91 |    86 ||   233
Block: Other             |       |       |     5 ||     5

Table legend:
 A = Spawn XP
 B = Non-spawn XP
 C = Spawn XP percentage of total XP
 D = Spawn monster count
 E = Non-spawn monster count
 F = Spawn count percentage of total count
 G = Total turns spent on level
                    A         B        C        D         E        F      G
               +---------+---------+-------+---------+---------+-------+---------
         Total |       0 |    2996 |   0.0 |       0 |     146 |   0.0 |  5992
               +---------+---------+-------+---------+---------+-------+---------
           D:1 |       0 |      36 |   0.0 |       0 |      20 |   0.0 |  1016
           D:2 |       0 |      75 |   0.0 |       0 |      21 |   0.0 |   974
           D:3 |       0 |     107 |   0.0 |       0 |      10 |   0.0 |  1004
           D:4 |       0 |     502 |   0.0 |       0 |      35 |   0.0 |   743
           D:5 |       0 |    1086 |   0.0 |       0 |      27 |   0.0 |  1127
           D:6 |       0 |     684 |   0.0 |       0 |      18 |   0.0 |   746
           D:7 |       0 |     506 |   0.0 |       0 |      15 |   0.0 |   347
               +---------+---------+-------+---------+---------+-------+---------
